SA
WASHINGTON GENERALS @ DELAWARE 1787 BC
07/03/2029
 
TOP OF THE 1ST
Washington Generals batting - Pitching for Delaware 1787 BC : LHP Moses Keijzer
Pitching: LHP Moses Keijzer
Batting: RHB Júlio Rodríguez 0-0: Ball
1-0: SOLO HOME RUN (Line Drive, 9LD), Distance : 350 ft
Batting: RHB Stan Wheeler 0-0: Ball
1-0: Ball
2-0: Ball
3-0: Base on Balls
Batting: RHB Bill Perkins 0-0: Foul Ball, location: 2F
0-1: Reached on error, E5 (Groundball, 5S)
Stan Wheeler to second
Batting: RHB Daryl Yandell 0-0: Ball
1-0: Ball
2-0: Foul Ball, location: 2F
2-1: Ball
3-1: Foul Ball, location: 2F
3-2: Foul Ball, location: 2F
3-2: Strikes out looking
Stan Wheeler steals 3rd base
Batter strikes out.
Bill Perkins to second
Batting: RHB Mike Lipide 0-0: Swinging Strike
0-1: Swinging Strike
0-2: Strikes out swinging
Batting: RHB Alonso Vielma 0-0: Ground out 6-3 (Groundball, 6)
Top of the 1st over - 1 run, 1 hit, 1 error, 2 left on base; Washington 1 - Delaware 0
BOTTOM OF THE 1ST
Delaware 1787 BC batting - Pitching for Washington Generals : RHP Wendell Clingan
Pitching: RHP Wendell Clingan
Batting: RHB Jesús Guzmán 0-0: Ball
1-0: Swinging Strike
1-1: Ground out 4-3 (Groundball, 4MD)
Batting: RHB John Willoughby 0-0: Ball
1-0: Ball
2-0: Called Strike
2-1: Foul Ball, location: 2F
2-2: Foul Ball, location: 2F
2-2: Ball
3-2: Foul Ball, location: 2F
3-2: Foul Ball, location: 2F
3-2: Foul Ball, location: 2F
3-2: Fly out, F4 (Line Drive, 4)
Batting: LHB Ramón Garmendia 0-0: Ball
1-0: Foul Ball, location: 2F
1-1: Ground out 4-3 (Groundball, 4)
Bottom of the 1st over - 0 runs, 0 hits, 0 errors, 0 left on base; Washington 1 - Delaware 0
TOP OF THE 2ND
Washington Generals batting - Pitching for Delaware 1787 BC : LHP Moses Keijzer
Batting: RHB Alan Patterson 0-0: Ball
1-0: Fly out, F7 (Flyball, 7LM)
Batting: RHB Ricardo Sandoval 0-0: Called Strike
0-1: Ground out 6-3 (Groundball, 6)
Batting: RHB Dan Vanblarcom 0-0: Ball
1-0: Ground out 6-3 (Groundball, 6)
Top of the 2nd over - 0 runs, 0 hits, 0 errors, 0 left on base; Washington 1 - Delaware 0
BOTTOM OF THE 2ND
Delaware 1787 BC batting - Pitching for Washington Generals : RHP Wendell Clingan
Batting: RHB Mikko Haataja 0-0: Ball
1-0: Foul Ball, location: 2F
1-1: Foul Ball, location: 2F
1-2: Fly out, F6 (Line Drive, 6)
Batting: LHB Kelvin Abbott 0-0: Ball
1-0: Ball
2-0: Ball
3-0: Base on Balls
Batting: RHB Tomás Cameros 0-0: Ball
1-0: SINGLE (Line Drive, 4MD)
Kelvin Abbott to second
Batting: SHB Curt Pack 0-0: Ball
1-0: Foul Ball, location: 2F
1-1: Swinging Strike
1-2: Strikes out swinging
Batting: LHB Bryce Abood 0-0: Called Strike
0-1: Foul Ball, location: 2F
0-2: Ball
1-2: Strikes out swinging
Bottom of the 2nd over - 0 runs, 1 hit, 0 errors, 2 left on base; Washington 1 - Delaware 0
TOP OF THE 3RD
Washington Generals batting - Pitching for Delaware 1787 BC : LHP Moses Keijzer
Batting: RHB Júlio Rodríguez 0-0: Ground out 6-3 (Groundball, 6)
Batting: RHB Stan Wheeler 0-0: Called Strike
0-1: Foul Ball, location: 2F
0-2: Foul Ball, location: 2F
0-2: Ball
1-2: Ball
2-2: SINGLE (Line Drive, 56)
Batting: RHB Bill Perkins 0-0: Called Strike
0-1: Grounds into double play, 4-6-3 (Groundball, 4MD)
Top of the 3rd over - 0 runs, 1 hit, 0 errors, 0 left on base; Washington 1 - Delaware 0
BOTTOM OF THE 3RD
Delaware 1787 BC batting - Pitching for Washington Generals : RHP Wendell Clingan
Batting: RHB Tobias Jimenez 0-0: Fly out, F8 (Line Drive, 89M)
Batting: RHB Jesús Guzmán 0-0: Called Strike
0-1: Ball
1-1: Fly out, F8 (Flyball, 78S)
Batting: RHB John Willoughby 0-0: Called Strike
0-1: Ball
1-1: Swinging Strike
1-2: Ball
2-2: Foul Ball, location: 2F
2-2: Ball
3-2: Base on Balls
Batting: LHB Ramón Garmendia 0-0: Called Strike
0-1: Ball
1-1: Fly out, F7 (Flyball, 7)
Bottom of the 3rd over - 0 runs, 0 hits, 0 errors, 1 left on base; Washington 1 - Delaware 0
TOP OF THE 4TH
Washington Generals batting - Pitching for Delaware 1787 BC : LHP Moses Keijzer
Batting: RHB Daryl Yandell 0-0: Swinging Strike
0-1: Ball
1-1: Swinging Strike
1-2: Foul Ball, location: 2F
1-2: Ground out 5-3 (Groundball, 56S)
Batting: RHB Mike Lipide 0-0: Foul Ball, location: 2F
0-1: Fly out, F8 (Flyball, 8LD)
Batting: RHB Alonso Vielma 0-0: Foul Ball, location: 2F
0-1: Swinging Strike
0-2: Ball
1-2: Ball
2-2: Ball
3-2: Strikes out swinging
Top of the 4th over - 0 runs, 0 hits, 0 errors, 0 left on base; Washington 1 - Delaware 0
BOTTOM OF THE 4TH
Delaware 1787 BC batting - Pitching for Washington Generals : RHP Wendell Clingan
Batting: RHB Mikko Haataja 0-0: Called Strike
0-1: Foul Ball, location: 2F
0-2: Ball
1-2: Strikes out swinging
Batting: LHB Kelvin Abbott 0-0: Ball
1-0: Ball
2-0: Called Strike
2-1: Ball
3-1: Base on Balls
Batting: RHB Tomás Cameros 0-0: Ball
1-0: Ball
2-0: Ball
Wild Pitch!
Kelvin Abbott to second
3-0: Called Strike
3-1: Called Strike
3-2: SINGLE (Groundball, 6MD)
Kelvin Abbott to third
Runner from 3rd tries for Home, SAFE, no throw
Batting: SHB Curt Pack 0-0: Called Strike
0-1: Called Strike
0-2: Ball
1-2: Fly out, F8 (Flyball, 89D)
Batting: LHB Bryce Abood 0-0: Called Strike
0-1: 2-RUN HOME RUN (Flyball, 89XD), Distance : 382 ft
Batting: RHB Tobias Jimenez 0-0: Called Strike
0-1: Ball
1-1: Foul Ball, location: 2F
1-2: Foul Ball, location: 2F
1-2: Ball
2-2: Fly out, F9 (Flyball, 89S)
Bottom of the 4th over - 3 runs, 2 hits, 0 errors, 0 left on base; Washington 1 - Delaware 3
TOP OF THE 5TH
Washington Generals batting - Pitching for Delaware 1787 BC : LHP Moses Keijzer
Batting: RHB Alan Patterson 0-0: Ball
1-0: Swinging Strike
1-1: Swinging Strike
1-2: Hit by Pitch
Batting: RHB Ricardo Sandoval 0-0: Called Strike
0-1: Ball
1-1: Ball
2-1: Ball
3-1: Bunted foul
3-2: Hit by Pitch
Alan Patterson to second
Batting: RHB Dan Vanblarcom 0-0: Called Strike
0-1: Called Strike
0-2: Ball
1-2: Ball
2-2: Fly out, F8 (Flyball, 8LD)
Batting: RHB Júlio Rodríguez 0-0: Ball
1-0: Ball
2-0: Grounds into double play, 6-4-3 (Groundball, 6)
Top of the 5th over - 0 runs, 0 hits, 0 errors, 1 left on base; Washington 1 - Delaware 3
BOTTOM OF THE 5TH
Delaware 1787 BC batting - Pitching for Washington Generals : RHP Wendell Clingan
Batting: RHB Jesús Guzmán 0-0: Ball
1-0: Ball
2-0: Ball
3-0: Base on Balls
Batting: RHB John Willoughby 0-0: Grounds into double play, 5-4-3 (Groundball, 56)
Batting: LHB Ramón Garmendia 0-0: Called Strike
0-1: Ball
1-1: Ball
2-1: Foul Ball, location: 2F
2-2: Fly out, F7 (Flyball, 7LSF)
Bottom of the 5th over - 0 runs, 0 hits, 0 errors, 0 left on base; Washington 1 - Delaware 3
TOP OF THE 6TH
Washington Generals batting - Pitching for Delaware 1787 BC : LHP Moses Keijzer
Batting: RHB Stan Wheeler 0-0: Ball
1-0: Ball
2-0: Ball
3-0: Called Strike
3-1: Fly out, F9 (Line Drive, 9)
Batting: RHB Bill Perkins 0-0: Called Strike
0-1: Swinging Strike
0-2: Ball
1-2: Ball
2-2: Foul Ball, location: 2F
2-2: Foul Ball, location: 2F
2-2: Strikes out swinging
Batting: RHB Daryl Yandell 0-0: Called Strike
0-1: Ball
1-1: Foul Ball, location: 2F
1-2: Strikes out looking
Top of the 6th over - 0 runs, 0 hits, 0 errors, 0 left on base; Washington 1 - Delaware 3
BOTTOM OF THE 6TH
Delaware 1787 BC batting - Pitching for Washington Generals : RHP Wendell Clingan
Batting: RHB Mikko Haataja 0-0: Swinging Strike
0-1: Ball
1-1: Ball
2-1: Called Strike
2-2: Foul Ball, location: 2F
2-2: Ball
3-2: Foul Ball, location: 2F
3-2: Base on Balls
Batting: LHB Kelvin Abbott 0-0: Ball
1-0: Ball
2-0: Called Strike
2-1: SINGLE (Line Drive, 9S)
Mikko Haataja to second
Batting: RHB Tomás Cameros 0-0: Called Strike
Mikko Haataja steals 3rd base
Kelvin Abbott to second
0-1: Ball
1-1: Ground out 4-3 (Groundball, 4)
Batting: SHB Curt Pack 0-0: Called Strike
0-1: Swinging Strike
0-2: Strikes out looking
Batting: LHB Bryce Abood 0-0: Fly out, F8 (Line Drive, 89M)
Bottom of the 6th over - 0 runs, 1 hit, 0 errors, 2 left on base; Washington 1 - Delaware 3
TOP OF THE 7TH
Washington Generals batting - Pitching for Delaware 1787 BC : LHP Moses Keijzer
Batting: RHB Mike Lipide 0-0: Ball
1-0: Ground out 4-3 (Groundball, 4)
Batting: RHB Alonso Vielma 0-0: Ball
1-0: Foul Ball, location: 2F
1-1: TRIPLE (Flyball, 9D)
Batting: RHB Alan Patterson 0-0: Ball
1-0: SINGLE (Groundball, 6D)
Alonso Vielma scores
Batting: RHB Ricardo Sandoval 0-0: Called Strike
Alan Patterson steals 2nd base
0-1: Ball
1-1: Ball
2-1: Foul Ball, location: 2F
2-2: Ball
3-2: Base on Balls
Pinch Hitting: RHB Jason Alston 0-0: Swinging Strike
0-1: Called Strike
0-2: Ball
1-2: Ball
2-2: Foul Ball, location: 2F
2-2: Strikes out swinging
Pinch Hitting: RHB Ricardo Bruno 0-0: Fly out, F7 (Flyball, 7S)
Top of the 7th over - 1 run, 2 hits, 0 errors, 2 left on base; Washington 2 - Delaware 3
BOTTOM OF THE 7TH
Delaware 1787 BC batting - Pitching for Washington Generals : RHP Wendell Clingan
Now at 1B: Mauro Deleón
Now at SS: Jason Alston
Batting: RHB Tobias Jimenez 0-0: Ball
1-0: Foul Ball, location: 2F
1-1: Ground out 4-3 (Groundball, 4)
Batting: RHB Jesús Guzmán 0-0: Ball
1-0: Called Strike
1-1: Foul Ball, location: 2F
1-2: Strikes out swinging
Batting: RHB John Willoughby 0-0: Ball
1-0: Foul Ball, location: 2F
1-1: Foul Ball, location: 2F
1-2: Strikes out swinging
Bottom of the 7th over - 0 runs, 0 hits, 0 errors, 0 left on base; Washington 2 - Delaware 3
TOP OF THE 8TH
Washington Generals batting - Pitching for Delaware 1787 BC : LHP Moses Keijzer
Batting: RHB Stan Wheeler 0-0: Ball
1-0: Foul Ball, location: 2F
1-1: Ball
2-1: Foul Ball, location: 2F
2-2: Foul Ball, location: 2F
2-2: Strikes out swinging
Pitching: RHP Jay Mahabir
Batting: RHB Bill Perkins 0-0: Foul Ball, location: 2F
0-1: Ball
1-1: Called Strike
1-2: Ball
2-2: Fly out, F8 (Flyball, 8LD)
Batting: RHB Daryl Yandell 0-0: SINGLE (Flyball, 8RS)
Batting: RHB Mike Lipide 0-0: Called Strike
0-1: Ball
1-1: Swinging Strike
1-2: Ball
2-2: Strikes out looking
Top of the 8th over - 0 runs, 1 hit, 0 errors, 1 left on base; Washington 2 - Delaware 3
BOTTOM OF THE 8TH
Delaware 1787 BC batting - Pitching for Washington Generals : RHP Álex Hernández
Pitching: RHP Álex Hernández
Batting: LHB Ramón Garmendia 0-0: Called Strike
0-1: Foul Ball, location: 2F
0-2: Ball
1-2: Fly out, F4 (Line Drive, 4)
Batting: RHB Mikko Haataja 0-0: Ball
1-0: Ground out 5-3 (Groundball, 56)
Batting: LHB Kelvin Abbott 0-0: Called Strike
0-1: Ball
1-1: DOUBLE (Line Drive, 9LS)
Batting: RHB Tomás Cameros 0-0: Called Strike
0-1: Ball
1-1: Ball
2-1: Foul Ball, location: 2F
2-2: Ball
3-2: SINGLE (Groundball, 6MD)
Kelvin Abbott to third
Kelvin Abbott scores
Batting: SHB Curt Pack 0-0: Ball
1-0: Ball
2-0: Called Strike
2-1: Swinging Strike
2-2: Strikes out looking
Bottom of the 8th over - 1 run, 2 hits, 0 errors, 1 left on base; Washington 2 - Delaware 4
TOP OF THE 9TH
Washington Generals batting - Pitching for Delaware 1787 BC : RHP Jay Mahabir
Pitching: LHP Todd Howell
Batting: RHB Alonso Vielma 0-0: Foul Ball, location: 2F
0-1: Called Strike
0-2: Foul Ball, location: 2F
0-2: Ball
1-2: Strikes out looking
Batting: RHB Alan Patterson 0-0: Ball
1-0: Ball
2-0: Ball
3-0: Base on Balls
Batting: RHB Ricardo Sandoval 0-0: Called Strike
0-1: Ball
1-1: Fly out, F3 (Popup, 3SF)
Batting: RHB Jason Alston 0-0: Foul Ball, location: 2F
0-1: Foul Ball, location: 2F
0-2: Ball
1-2: Ground out 5-3 (Groundball, 5S)
Top of the 9th over - 0 runs, 0 hits, 0 errors, 1 left on base; Washington 2 - Delaware 4
Tuesday, December 19th, 2017 - OOTP Baseball 18.8 Build 76